 Dungeon Crawl Stone Soup version 0.28-a0-1312-g71652a0310 (webtiles) character file.

Game seed: 4855346055317187539

109 bande the Skirmisher (level 4, -2/29 HPs)
             Began as a Gargoyle Fighter on Dec 28, 2021.
             Slain by a black bear (5 damage)
             ... on level 3 of the Dungeon.
             The game lasted 00:03:46 (2490 turns).

bande the Skirmisher (Gargoyle Fighter)             Turns: 2490, Time: 00:03:46

Health: -2/29      AC: 16    Str: 20    XL:     4   Next: 89%
Magic:  4/4        EV:  6    Int:  8    God:
Gold:   59         SH:  9    Dex: 11    Spells: 3/3 levels left

rFire   . . .      SeeInvis +   a - +1 war axe
rCold   . . .      Faith    .   c - +0 buckler
rNeg    + . .      Spirit   .   i - +0 plate armour
rPois   ∞          Reflect  +   (no helmet)
rElec   +          Harm     .   g - +0 cloak
rCorr   .          Rampage  .   (no gloves)
Will    +....                   (no boots)
Stlth   ..........              j - amulet of reflection
HPRegen 0.09/turn               h - ring of see invisible
MPRegen 0.09/turn               e - ring of willpower

@: mighty
A: sickness immunity, AC +3, negative energy resistance 1, electricity
resistance, torment resistance 1, petrification resistance
a: no special abilities


You were on level 3 of the Dungeon.
You visited 1 branch of the dungeon, and saw 3 of its levels.

You collected 59 gold pieces.

Inventory:

Hand Weapons
 a - a +1 war axe (weapon)
 k - a +0 flail
 p - a +0 war axe
Armour
 c - a +0 buckler (worn)
 g - a +0 cloak (worn)
 i - a +0 plate armour (worn)
Jewellery
 e - a ring of willpower (right hand)
 h - a ring of see invisible (left hand)
 j - an amulet of reflection (around neck)
Potions
 l - a potion of flight
 n - a potion of heal wounds {unknown}


   Skills:
 + Level 3.9 Fighting
 + Level 3.2 Axes
 + Level 3.9 Armour
 + Level 3.8 Shields


You had 3 spell levels left.
You didn't know any spells.
Your spell library was empty.

Dungeon Overview and Level Annotations

Branches:
Dungeon (3/15)

Altars:


Innate Abilities, Weirdness & Mutations

You are immune to sickness and miasma.
Your stone body is resilient. (AC +3)
You are immune to poison.
You resist negative energy. (rN+)
You are resistant to electric shocks. (rElec)
You are resistant to unholy torment.
You are immune to petrification.


Message History

The black bear is almost dead.
The black bear bites you but does no damage.
The black bear claws you but does no damage. x2
The black bear barely misses you. You block the black bear's attack.
The black bear claws you.
You completely miss the black bear.
The black bear is severely wounded.
You block the black bear's attack.
The black bear claws you but does no damage. x2
The black bear bites you but does no damage.
The black bear claws you but does no damage.
You block the black bear's attack.
You slash the black bear!
The black bear is almost dead.
You block the black bear's attack. x3
The black bear bites you but does no damage.
The black bear claws you but does no damage. x2
You hit the black bear.
The black bear is almost dead.
The black bear bites you!
* * * LOW HITPOINT WARNING * * *
The black bear claws you but does no damage.
The black bear barely misses you. x2
The black bear claws you but does no damage.
You block the black bear's attack.
You feel better. The black bear barely misses you.
The black bear claws you but does no damage.
The black bear closely misses you.
You closely miss the black bear.
The black bear is almost dead.
You block the black bear's attack.
The black bear claws you but does no damage. x2
The black bear bites you!
* * * LOW HITPOINT WARNING * * *
The black bear completely misses you. You block the black bear's attack.
The black bear bites you but does no damage.
The black bear claws you but does no damage. x2
You feel very mighty all of a sudden. You block the black bear's attack.
The black bear claws you.
You die...

..... ..... ......
...... ......##+##
..........# #..h...#
.........
#..)@..#.............
#####'##.............
#.##.............
#.##.............
#.##.............
#.##.............
#.##.............
#..'.............
####.............


You could see a black bear (berserk).

Vanquished Creatures
  An iguana (D:3)
  An adder (D:3)
  An adder skeleton (D:2)
  A dart slug (D:2)
  7 orcs (D:3)
  2 bats (D:2)
  4 endoplasms (D:1)
  3 giant cockroaches
  6 goblins
  5 hobgoblins
  3 jackals (D:2)
  7 kobolds
  A quokka (D:1)
  8 ball pythons
  2 frilled lizards
  6 rats
58 creatures vanquished.

Vanquished Creatures (others)
  A kobold (D:3)
1 creature vanquished.

Grand Total: 59 creatures vanquished

Notes
Turn   | Place    | Note
-------+----------+-------------------------------------------
     0 | D:1      | bande the Gargoyle Fighter began the quest for the Orb.
     0 | D:1      | Reached XP level 1. HP: 14/14 MP: 1/1
    36 | D:1      | You fall into a shaft and drop 1 floor!
   223 | D:2      | Reached XP level 2. HP: 16/19 MP: 2/2
   316 | D:2      | Found a faded altar of an unknown god.
   643 | D:1      | Reached XP level 3. HP: 23/23 MP: 3/3
  2134 | D:3      | Reached XP level 4. HP: 25/29 MP: 4/4
  2473 | D:3      | Noticed a black bear
  2490 | D:3      | Slain by a black bear

Illustrated notes

Levels and vault maps discovered:
D:1:      nagdon_arrival_zigzag_paths, layout_loops_cross, minivault_26,
          minmay_split_cup_small
D:2:      layout_loops_ring, hellmonk_ecumenical_altar_heavens_door
D:3:      layout_basic, mainiacjoe_overflow_surrounded_room, serial_rivers,
          chequers_serial_rivers_micro_b, chequers_serial_rivers_room_a,
          chequers_serial_rivers_micro_e, chequers_serial_rivers_micro_a,
          chequers_serial_rivers_small_b, minmay_misc_feat_tower,
          chequers_decorated_corner, kennysheep_generic_room_6

Skill      XL: |  1  2  3  4 |
---------------+-------------+-----
Axes           | 2 3 |  3.2
Fighting       | |  3.9
Armour         | |  3.9
Shields        | |  3.8

Action                   |  1- 3 |  4- 6 || total
-------------------------+-------+-------++-------
Melee: War axe           |   133 |    38 ||   171
  Use: Scroll            |     7 |     3 ||    10
       Potion            |       |     2 ||     2
Armor: Scale mail        |    61 |       ||    61
       Plate armour      |     5 |    53 ||    58
Dodge: Dodged            |    60 |    22 ||    82
Block: Buckler           |    38 |    34 ||    72
       Reflection        |     2 |       ||     2

Table legend: (Time is in decaauts)
 A = Elapsed time spent in this place.
 B = Non-inter-level travel time spent in this place.
 C = Inter-level travel time spent in this place.
 D = Time resting spent in this place.
 E = Time spent auto-exploring this place.
 F = Levels seen in this place.
 G = Mean time per level.
                   A        B        C        D        E       F      G
               +--------+--------+--------+--------+--------+-----+--------+
         Total |   2557 |   2520 |     37 |    424 |   1607 |   3 |  852.3 |
       Dungeon |   2557 |   2520 |     37 |    424 |   1607 |   3 |  852.3 |
               +--------+--------+--------+--------+--------+-----+--------+

Top non-repeatable levels by time:
     D:1: 1235 daAuts
     D:2: 902 daAuts
     D:3: 420 daAuts
